 Dungeon Crawl Stone Soup version 0.27-a0-1529-g1e82c303ef (webtiles) character file.

Game seed: 9585432734720255006

884 avis the Martial Artist (level 8, -3/52 HPs)
             Began as an Octopode Transmuter on July 11, 2021.
             Slain by Duvessa (17 damage)
             ... on level 5 of the Dungeon.
             The game lasted 00:27:25 (4852 turns).

avis the Martial Artist (Octopode Transmuter)       Turns: 4852, Time: 00:27:26

Health: -3/52      AC:  1    Str: 11    XL:     8   Next: 5%
Magic:  9/11       EV: 13    Int: 16    God:
Gold:   333        SH:  0    Dex: 12    Spells: 7/11 levels left

rFire    . . .     SeeInvis .     - Unarmed
rCold    . . .     Faith    .   (no shield)
rNeg     . . .     Spirit   .   (helmet restricted)
rPois    +         Reflect  .   (no amulet)
rElec    .         Harm     .   j - ring of poison resistance
rCorr    .         Rampage  .   (no ring)
Will     .....                  (no ring)
Stlth    +++.......             (no ring)
HPRegen  0.17/turn              (no ring)
MPRegen  0.12/turn              (no ring)
                                (no ring)
                                (no ring)

@: no status effects
A: almost no armour, amphibious, 8 rings, camouflage 1, gelatinous body 1,
(nimble swimmer 1), tentacles
a: no special abilities


You were on level 5 of the Dungeon.
You visited 1 branch of the dungeon, and saw 5 of its levels.
You also visited: Ossuary.

You collected 333 gold pieces.

Inventory:

Hand Weapons
 a - a +0 rapier of holy wrath
 k - a +3 dagger of venom
 o - a +0 dagger of freezing
 p - a +1 dagger of venom
 w - a +0 mace of protection
Missiles
 b - 143 stones (quivered)
 e - 45 arrows
 g - 8 boomerangs
 i - 19 sling bullets
Magical Staves
 d - a staff of earth
Jewellery
 j - a ring of poison resistance (left tentacle)
Scrolls
 c - a scroll of teleportation
Potions
 f - a potion of magic
 l - 3 potions of lignification
 n - a potion of brilliance {unknown}
 q - a potion of mutation


   Skills:
 * Level 3.0 Fighting
 - Level 3.0 Dodging
 - Level 1.0 Stealth
 - Level 8.0 Unarmed Combat
 - Level 2.0 Spellcasting
 - Level 3.0 Transmutations
 - Level 2.0 Poison Magic


You had 7 spell levels left.
You knew the following spells:

 Your Spells              Type           Power      Damage    Failure   Level
a - Beastly Appendage     Tmut           22%        N/A       6%          1
p - Spider Form           Tmut/Pois      4%         N/A       22%         3

Your spell library contained the following spells:

 Spells                   Type           Power      Damage    Failure   Level
 Wereblood                Tmut           11%        N/A       9%          2
 Static Discharge         Conj/Air       1%         N/A       30%         2
 Ice Form                 Ice/Tmut       6%         N/A       73%         4
 Lightning Bolt           Conj/Air       0%         1d11      99%         5
 Maxwell's Capacitive Co  Air            0%         ∞         100%        8


Dungeon Overview and Level Annotations

Branches:
Dungeon (5/15)            Ossuary (visited)
 Temple: D:4-7

Altars:

Annotations:
D:3 2 transporters, flotson's ghost, weakling DsDe
D:4 Natasha; Sigmund
D:5 Duvessa


Innate Abilities, Weirdness & Mutations

You cannot wear most types of armour.
You are amphibious.
You can wear up to eight rings at the same time.
Your skin changes colour to match your surroundings (Stealth+).
Your rubbery body absorbs attacks. (AC +1, EV +1)
((You are camouflaged near water. (Stealth+)))
You have tentacles for arms and can constrict up to eight enemies at once.


Message History

You hit Dowan.
Dowan looks as sick as possible!
Dowan is severely wounded.
Dowan casts a spell at you. The puff of frost hits you.
You closely miss Dowan.
Dowan is severely wounded.
Your transformation is almost over.
Dowan hits you with a +0 dagger.
Dowan's feet meld with the ground, briefly.
Dowan completely misses you.
You kill Dowan!
Duvessa weeps, then rights herself and shakes her weapon.
Duvessa goes berserk!
Training target 8.0 for Unarmed Combat reached!
Your Unarmed Combat skill increases to level 8!
You need to enable at least one skill for training.
You have reached level 8!
You barely miss Duvessa. Duvessa misses you.
You hit Duvessa.
Duvessa is poisoned.
Duvessa is lightly wounded.
Duvessa closely misses you.
You barely miss Duvessa.
Duvessa is lightly wounded.
Duvessa hits you with a +0 short sword. Duvessa misses you.
You hit Duvessa.
Duvessa looks even sicker.
Duvessa is moderately wounded.
Duvessa closely misses you.
You barely miss Duvessa.
Duvessa is moderately wounded.
Duvessa misses you. Duvessa hits you with a +0 short sword!
You bite Duvessa!
Duvessa is heavily wounded.
Duvessa hits you with a +0 short sword!
* * * LOW HITPOINT WARNING * * *
You hit Duvessa.
Duvessa looks as sick as possible!
Duvessa is heavily wounded.
Duvessa completely misses you.
Your transformation has ended.
Duvessa hits you with a +0 short sword!
You die...

##..## #.# ##....#
#.## ##.....## #...
##.......# #.##
##........## #.##
##......#...# #.##
##......##...## #.##
##......####...# #.##
#....@e##..#...##
#.##
........##...##...#
#. #
.......##..#..#...##
#
#.....##...##.##...#
#
#....##.)#..#..#...##
#
##..##...##.##.##...#
#
+.##..#..#..#..'...#
# ##
##############.#####
#.#...)....#.#....


You could see Duvessa (berserk, extremely poisoned).

Vanquished Creatures
  A kobold demonologist (D:5)
  Eustachio (D:5)
  Menkaure (D:5)
  Dowan (D:5)
  A gnoll shaman (D:5)
  A hound (D:5)
  A bullfrog skeleton (D:5)
  An iguana (D:2)
  An orc wizard (D:5)
  A hound skeleton (D:5)
  2 mummies (Ossuary)
  4 gnolls (D:5)
  2 adders
  An ufetubus (D:5)
  5 dart slugs
  An orc (D:3)
  3 ball pythons
  5 endoplasms
  4 giant cockroaches
  2 goblins
  9 hobgoblins
  5 jackals
  3 quokkas (D:1)
  5 bats
  A frilled lizard (D:1)
  4 gnoll zombies (Ossuary)
  4 goblin zombies (Ossuary)
  3 hobgoblin zombies (Ossuary)
  9 kobolds
  3 orc zombies (Ossuary)
  10 rats
95 creatures vanquished.

Notes
Turn   | Place    | Note
-------+----------+-------------------------------------------
     0 | D:1      | avis the Octopode Transmuter began the quest for the Orb.
     0 | D:1      | Reached XP level 1. HP: 13/13 MP: 3/3
    93 | D:1      | Reached XP level 2. HP: 10/18 MP: 5/5
   477 | D:1      | Reached skill level 4 in Unarmed Combat
   548 | D:1      | Reached skill level 1 in Stealth
   548 | D:1      | Reached XP level 3. HP: 20/23 MP: 4/6
   655 | D:1      | Reached skill level 1 in Poison Magic
  1431 | D:2      | Found a faded altar of an unknown god.
  1440 | D:2      | Reached XP level 4. HP: 18/28 MP: 5/7
  2691 | D:3      | Noticed flotson's ghost (weakling DsDe)
  2695 | D:3      | Found a transporter.
  2724 | D:3      | Found a transporter.
  2757 | D:3      | Learned a level 3 spell: Spider Form
  2761 | D:3      | Reached skill level 5 in Unarmed Combat
  2771 | D:3      | Reached XP level 5. HP: 31/33 MP: 4/8
  3485 | D:4      | Noticed Sigmund
  3487 | D:4      | Noticed Natasha
  3619 | D:5      | Entered Level 5 of the Dungeon
  3637 | D:5      | Noticed a kobold demonologist
  3638 | D:5      | Noticed Eustachio
  3647 | D:5      | Killed a kobold demonologist
  3648 | D:5      | Reached XP level 6. HP: 17/42 MP: 7/9
  3656 | D:5      | Killed Eustachio
  3657 | D:5      | Reached skill level 6 in Unarmed Combat
  3657 | D:5      | Reached XP level 7. HP: 19/46 MP: 4/10
  3678 | D:5      | Found a sand-covered staircase.
  3682 | Ossuary  | Entered an ossuary
  4518 | D:5      | Noticed Menkaure
  4528 | D:5      | Killed Menkaure
  4529 | D:5      | Reached skill level 7 in Unarmed Combat
  4831 | D:5      | Noticed Dowan
  4838 | D:5      | Noticed Duvessa
  4844 | D:5      | Killed Dowan
  4845 | D:5      | Reached skill level 8 in Unarmed Combat
  4845 | D:5      | Reached XP level 8. HP: 43/52 MP: 8/11
  4852 | D:5      | Slain by Duvessa

Illustrated notes

Levels and vault maps discovered:
D:1:      minmay_arrival_diagonal_passages, layout_basic
D:2:      layout_basic, hellmonk_ecumenical_altar_pennies_from_heaven,
          serial_bayou_lagoon_a
D:3:      layout_basic, gammafunk_ghost_arena, chequers_big_river,
          minmay_starry_boxes
D:4:      minmay_general_purpose_star, layout_basic, uniq_sigmund, uniq_natasha,
          uniq_pikel
D:5:      minmay_razor_zed, layout_basic, lightli_ossuary_entry_decrepit_ruins,
          portal_sewer_entry_d, grunt_ministairs_2, minmay_misc_feat_roman,
          uniq_menkaure, uniq_duvessa, uniq_ijyb, uniq_eustachio

Skill      XL: |  1  2  3  4  5  6  7 |
---------------+----------------------+-----
Unarmed Combat | 4 5 6 8 |  8.0
Stealth        | 1 |  1.0
Poison Magic   | 2 |  2.0
Fighting       | 3 |  3.0
Dodging        | 3 |  3.0
Transmutations | 3 |  3.0
Spellcasting   | |  2.0

Action                   |  1- 3 |  4- 6 |  7- 9 || total
-------------------------+-------+-------+-------++-------
Melee: Mace              |    68 |    18 |       ||    86
       Constrict         |    16 |    10 |    15 ||    41
       Unarmed           |     3 |    45 |    47 ||    95
       Kick              |    16 |     6 |    15 ||    37
       Tentacles         |     7 |     7 |     7 ||    21
       Punch             |       |     2 |     1 ||     3
       Rapier            |       |       |    33 ||    33
Throw: Stone             |       |       |    79 ||    79
 Cast: Beastly Appendage |    28 |    17 |    15 ||    60
       Spider Form       |       |     8 |     3 ||    11
  Use: Scroll            |       |     4 |     4 ||     8
 Stab: Sleeping          |     6 |     2 |     2 ||    10
       Distracted        |     1 |       |       ||     1
Armor: Skin              |    11 |     8 |     6 ||    25
Dodge: Dodged            |    36 |    34 |    30 ||   100

Table legend: (Time is in decaauts)
 A = Elapsed time spent in this place.
 B = Non-inter-level travel time spent in this place.
 C = Inter-level travel time spent in this place.
 D = Time resting spent in this place.
 E = Time spent auto-exploring this place.
 F = Levels seen in this place.
 G = Mean time per level.
                   A        B        C        D        E       F      G
               +--------+--------+--------+--------+--------+-----+--------+
         Total |   4890 |   4601 |    289 |    871 |   2312 |   6 |  815.0 |
       Dungeon |   4212 |   3923 |    289 |    628 |   2312 |   5 |  842.4 |
       Ossuary |    677 |    677 |      0 |    243 |      0 |   1 |  677.0 |
               +--------+--------+--------+--------+--------+-----+--------+

Top non-repeatable levels by time:
     D:3: 1236 daAuts
     D:1: 1212 daAuts
     D:2: 1162 daAuts
 Ossuary: 677 daAuts
     D:5: 559 daAuts
     D:4: 41 daAuts
